 Dungeon Crawl Stone Soup version 0.23-a0-171-g5ae17c6e89 (webtiles) character file.

194 Deemzul the Skirmisher (level 5, -1/42 HPs)
             Began as a Demonspawn Fighter on Sept 14, 2018.
             Killed by nerve-wracking pain
             ... invoked by an orc priest
              (10 damage)
             ... on level 3 of the Dungeon.
             The game lasted 00:02:14 (2166 turns).

Deemzul the Skirmisher (Demonspawn Fighter)         Turns: 2166, Time: 00:02:15

Health: -1/42      AC:  8    Str: 16    XL:     5   Next: 44%
Magic:  5/5        EV:  7    Int:  9    God:
Gold:   141        SH:  9    Dex: 14    Spells: 4/4 levels left

rFire    + . .     SeeInvis .   a - +0 long sword
rCold    + . .     Gourm    .   c - +0 shield
rNeg     . . .     Faith    .   b - +0 scale mail
rPois    +         Spirit   .   (no helmet)
rElec    +         Reflect  .   (no cloak)
rCorr    +         Harm     .   (no gloves)
MR       .....                  (no boots)
Stlth    ..........             (no amulet)
HPRegen  0.14/turn              (no ring)
MPRegen  0.09/turn              (no ring)

@: resistant, drained
A: talons 1, yellow scales 1
a: no special abilities


You were on level 3 of the Dungeon.
You were not hungry.

You visited 1 branch of the dungeon, and saw 3 of its levels.

You collected 141 gold pieces.

Inventory:

Hand Weapons
 a - a +0 long sword (weapon)
 o - a +0 dagger of draining
Armour
 b - a +0 scale mail (worn)
 c - a +0 shield (worn)
 l - a scarf of repulsion
 p - a scarf of cloud immunity
Scrolls
 e - 4 scrolls of teleportation {unknown}
 g - 4 scrolls of remove curse {unknown}
 i - 2 scrolls of identify {unknown}
 j - a scroll of amnesia {unknown}
 k - 4 scrolls of noise {unknown}
 q - 2 scrolls of magic mapping {unknown}
Potions
 d - a potion of might
 h - a potion of flight {unknown}
 m - 2 potions of heal wounds {unknown}
 n - a potion of cancellation {unknown}
 t - a potion of curing
Comestibles
 f - 3 rations
 s - a chunk of flesh


   Skills:
 + Level 3.6(3.4) Fighting
 * Level 3.3(3.1) Long Blades
 + Level 3.3(3.0) Armour
 + Level 1.5(1.3) Dodging
 + Level 3.3(3.1) Shields


You had 4 spell levels left.
You didn't know any spells.
Your spell library was empty.

Dungeon Overview and Level Annotations

Branches:
Dungeon (3/15)

Altars:


Innate Abilities, Weirdness & Mutations

You have sharp toenails.
You are partially covered in yellow scales. (AC +2)


Message History

The orc barely misses you. The orc hits you with a short sword.
The orc priest mumbles some strange prayers to Beogh against you.
Beogh smites you!
You closely miss the orc priest. The orc hits you but does no damage.
You block the orc's attack. The orc priest barely misses you.
You riposte.
You barely miss the orc priest. You block the orc's attack.
The orc barely misses you.
Unknown command.
You slash the orc priest!
The orc priest is severely wounded.
The orc priest calls down the wrath of Beogh upon you.
Pain shoots through your body!
* * * LOW HITPOINT WARNING * * *
You block the orc's attack. The orc hits you but does no damage.
Unknown command.
You hit the orc priest.
The orc priest is almost dead.
The orc priest mumbles some strange prayers to Beogh against you.
Pain shoots through your body!
You die...

..#......######...
....#
........######....
.....#
........#........
.....#
........#........
........#........
........#........
#
........#........
#
.........Ko......
#
.........@oS.....
.........#o......
.........#.......
.#############...
.. .


You could see an orc priest, an adder, 2 orcs and a kobold.

Vanquished Creatures
  An orc wizard (D:3)
  Natasha (D:2)
  A gnoll (D:1)
  3 adders
  2 oozes
  2 worms
  5 dart slugs
  3 leopard geckos (D:2)
  6 orcs (D:3)
  A giant cockroach (D:2)
  6 goblins
  7 hobgoblins
  2 jackals (D:2)
  10 bats
  7 frilled lizards
  11 kobolds
  6 rats
74 creatures vanquished.

Vanquished Creatures (others)
  8 toadstools (D:3)
8 creatures vanquished.

Grand Total: 82 creatures vanquished

Notes
Turn   | Place    | Note
-------+----------+-------------------------------------------
     0 | D:1      | Deemzul the Demonspawn Fighter began the quest for the Orb.
     0 | D:1      | Reached XP level 1. HP: 18/18 MP: 1/1
   399 | D:1      | Gained mutation: You are partially covered in yellow
                  | scales. (AC +2) [demonic ancestry]
   399 | D:1      | Reached XP level 2. HP: 23/24 MP: 2/2
   559 | D:1      | Reached XP level 3. HP: 18/29 MP: 3/3
  1012 | D:2      | Noticed Natasha
  1025 | D:2      | Killed Natasha
  1025 | D:2      | Reached skill level 1 in Dodging
  1025 | D:2      | Reached XP level 4. HP: 17/35 MP: 4/4
  1816 | D:3      | Gained mutation: You have sharp toenails. [demonic
                  | ancestry]
  1816 | D:3      | Reached XP level 5. HP: 41/41 MP: 5/5
  2166 | D:3      | Killed from afar by an orc priest

Vault maps used:
D:1:      moated_graveyard_arrival, serial_park_tiny_2
D:2:      kennysheep_generic_room_10, uniq_natasha
D:3:      cheibrodos_fertilizer, nicolae_overflow_hidden_temple

Skill      XL: |  1  2  3  4 |
---------------+-------------+-----
Long Blades    | 2 3 |  3.3
Shields        | 3 |  3.3
Armour         | 3 |  3.3
Dodging        | 1 |  1.5
Fighting       | |  3.6

Action                   |  1- 3 |  4- 6 || total
-------------------------+-------+-------++-------
Melee: Long sword        |   115 |   144 ||   259
       Kick              |       |    10 ||    10
  Use: Potion            |       |     2 ||     2
  Eat: Chunk             |       |     5 ||     5
Armor: Scale mail        |    59 |    81 ||   140
Dodge: Dodged            |    42 |    56 ||    98
       Deflected         |     2 |     1 ||     3
Block: Shield            |    61 |    91 ||   152
       Rpst.: Long sword |    12 |    21 ||    33

Table legend:
 A = Non-vault XP
 B = Vault XP
 C = Vault XP percentage of total XP
 D = Non-vault monster count
 E = Vault monster count
 F = Vault count percentage of total count
                 A         B        C        D         E       F
            +---------+---------+-------+---------+---------+-------
      Total |     233 |      45 |  16.2 |      67 |       7 |   9.5
            +---------+---------+-------+---------+---------+-------
        D:1 |      56 |       0 |   0.0 |      19 |       0 |   0.0
        D:2 |      75 |      39 |  34.2 |      30 |       2 |   6.2
        D:3 |     102 |       6 |   5.6 |      18 |       5 |  21.7
            +---------+---------+-------+---------+---------+-------
